 Dungeon Crawl Stone Soup version 0.24-a0-417-g1cce26a (webtiles) character file.

Game seed: 6740471209576505750

16489 qdestroyer the Cleaver (level 12, -4/106 HPs)
             Began as a Minotaur Fighter on June 10, 2019.
             Was an Initiate of Gozag.
             Killed from afar by Jorgrun (37 damage)
             ... with an iron shot
             ... on level 13 of the Dungeon.
             The game lasted 00:28:27 (12136 turns).

qdestroyer the Cleaver (Minotaur Fighter)          Turns: 12136, Time: 00:28:27

Health: -4/106     AC: 20    Str: 26    XL:     12   Next: 10%
Magic:  11/11      EV:  3    Int:  5    God:    Gozag
Gold:   1489       SH: 19    Dex: 10    Spells: 11/11 levels left

rFire    + . .     SeeInvis .   E - +7 hand axe (venom)
rCold    x . .     Gourm    .   F - +0 large shield
rNeg     . . .     Faith    .   k - +2 plate armour
rPois    +         Spirit   .   s - +2 hat
rElec    +         Reflect  .   A - +0 cloak
rCorr    .         Harm     .   (no gloves)
MR       .....                  (no boots)
Stlth    ..........             D - amulet of rage
HPRegen  0.27/turn              h - +1 ring of slaying
MPRegen  0.12/turn              r - ring "Vuvete" {Fire rElec rPois}

@: grasped by roots, gold aura, constricted
A: retaliatory headbutt, horns 2
a: Potion Petition, Call Merchant, Bribe Branch, Renounce Religion, Evoke
Berserk Rage


You were on level 13 of the Dungeon.
You worshipped Gozag.
Gozag was most pleased with you.
You were hungry.

You visited 2 branches of the dungeon, and saw 14 of its levels.

You collected 1897 gold pieces.
You spent 296 gold pieces at shops.
You paid 112 gold pieces to Gozag.

Inventory:

Hand Weapons
 E - a +7 hand axe of venom (weapon)
Armour
 k - a +2 plate armour (worn)
 s - a +2 hat (worn)
 A - a +0 cloak (worn)
 F - a +0 large shield (worn)
Jewellery
 h - a +1 ring of slaying (left hand)
 o - an uncursed ring of flight
 r - the ring "Vuvete" (right hand) {Fire rElec rPois}
   (You found it on level 10 of the Dungeon)

   [ring of fire]

   It enhances your fire magic.
   It protects you from fire.
   It makes you vulnerable to cold.
   It insulates you from electricity.
   It protects you from poison.
 t - an uncursed ring of protection from magic {unknown}
 u - an uncursed ring of poison resistance
 D - an amulet of rage (around neck)
 K - an uncursed ring of ice
Wands
 a - a wand of paralysis (10)
 c - a wand of acid (12)
 g - a wand of iceblast (6)
 i - a wand of flame (18)
 l - a wand of disintegration (15)
 n - a wand of random effects (19)
 x - a wand of polymorph (9)
Scrolls
 b - 4 scrolls of remove curse
 d - 5 scrolls of amnesia
 e - 2 scrolls of magic mapping
 q - 4 scrolls of teleportation
 y - 2 scrolls of blinking
 B - a scroll of immolation
 G - 2 scrolls of identify
 H - a scroll of torment {unknown}
Potions
 j - 5 potions of curing
 m - a potion of agility
 p - 2 potions of heal wounds
 v - 2 potions of mutation
 w - 3 potions of magic
 z - a potion of flight
 C - 2 potions of lignification
 I - a potion of berserk rage {unknown}
Miscellaneous
 J - a box of beasts
Comestibles
 f - 16 rations


   Skills:
 + Level 10.2 Fighting
 + Level 14.6 Axes
 + Level 10.8 Armour
 + Level 2.5 Dodging
 + Level 2.0 Stealth
 + Level 11.5 Shields


You had 11 spell levels left.
You didn't know any spells.
Your spell library contained the following spells:

 Spells                   Type           Power        Failure   Level  Hunger
 Apportation              Tloc           #.....       100%        1    ##.....
 Beastly Appendage        Tmut           #.....       100%        1    ##.....
 Freeze                   Ice            #...         100%        1    ##.....
 Sandblast                Erth           #.....       100%        1    ##.....
 Summon Butterflies       Summ           #.......     100%        1    ##.....
 Passwall                 Tmut/Erth      #.......     100%        2    ###....
 Sticks to Snakes         Tmut           #.......     100%        2    ###....
 Throw Frost              Conj/Ice       #.....       100%        2    ###....
 Lesser Beckoning         Tloc           #.........   100%        3    ####...
 Ozocubu's Armour         Chrm/Ice       #.......     100%        3    ####...
 Spider Form              Tmut/Pois      #.........   100%        3    ####...
 Stone Arrow              Conj/Erth      #.....       100%        3    ####...
 Tukima's Dance           Hex            #.......     100%        3    ####...
 Ice Form                 Ice/Tmut       #.......     100%        4    #####..
 Leda's Liquefaction      Hex/Erth       #.........   100%        4    #####..
 Petrify                  Tmut/Erth      #.......     100%        4    #####..
 Summon Ice Beast         Ice/Summ       #.......     100%        4    #####..
 Throw Icicle             Conj/Ice       #.......     100%        4    #####..
 Alistair's Intoxication  Tmut/Pois      #.......     100%        5    ######.
 Blade Hands              Tmut           #.........   100%        5    ######.
 Bolt of Magma            Conj/Fire/Erth #.........   100%        5    ######.
 Lee's Rapid Deconstruct  Erth           #.........   100%        5    ######.
 Invisibility             Hex            #.......     100%        6    #######
 Iron Shot                Conj/Erth      #.........   100%        6    #######
 Statue Form              Tmut/Erth      #........    100%        6    #######
 Shatter                  Erth           #.........   100%        9    #######


Dungeon Overview and Level Annotations

Branches:
Dungeon (13/15)            Temple (1/1) D:7            Lair (0/6) D:8
    Orc (0/2) D:10
 Vaults: D:13-14

Altars:
Gozag
Kikubaaqudgha
Makhleb
Okawaru
Qazlal
Uskayaw
Vehumet
Xom
Zin
The Shining One

Shops:
D:7 %   D:8 [   D:9 :   D:10 *=%%*

Annotations:
D:13 Jorgrun


Innate Abilities, Weirdness & Mutations

You reflexively headbutt those who attack you in melee.
You have a pair of horns on your head.


Message History

Your headbutt misses Jorgrun.
Jorgrun is severely wounded.
You block Jorgrun's attack.
You closely miss Jorgrun.
Jorgrun is severely wounded.
An orc comes into view.
The orc shouts!
You slash Jorgrun! You headbutt Jorgrun.
Jorgrun is almost dead.
Jorgrun says, "I've ne'er se'n tha particular type o' rock formation 'fore."
Jorgrun casts a spell at you.
Roots burst forth from the earth!
The grasping roots grab you! The grasping roots constrict you!
You miss Jorgrun. Your headbutt misses Jorgrun.
Jorgrun is almost dead.
Jorgrun points at you and mumbles some strange words.
The iron shot hits you!!!
You die...
Your body crumbles into a pile of gold.

.
.#############.#
................
......$@$.......
##....$g........
#..............
#..............
#.....{........
#.............<
.......o........
######...#####.#
#...# .#


You could see Jorgrun and an orc.

Vanquished Creatures
  Harold (D:7)
  4 two-headed ogres
  Pikel (D:6)
  A deep elf mage (D:13)
  A cyclops (D:11)
  Joseph (D:7)
  2 centaur zombies
  A kobold demonologist (D:11)
  A komodo dragon (D:8)
  2 trolls
  3 hippogriffs
  A vampire (D:11)
  7 yaks
  A steam dragon (D:11)
  Menkaure (D:6)
  2 sky beasts
  An ice beast (D:9)
  2 black bears
  5 phantoms
  3 slaves
  6 orc warriors
  13 ogres
  A necrophage (D:11)
  2 centaurs
  4 big kobolds
  3 gnoll sergeants (D:10)
  5 bullfrogs
  A wyvern zombie (D:10)
  A wyvern skeleton (D:11)
  A water moccasin skeleton (D:12)
  7 scorpions
  12 killer bees
  10 wights
  2 howler monkeys
  8 crimson imps
  A bullfrog zombie (D:5)
  2 bullfrog skeletons
  6 hounds
  5 jellies
  5 orc priests
  7 orc wizards
  Ijyb (D:5)
  3 centaur skeletons
  Jessica (D:2)
  3 iguanas
  11 worker ants
  A hound skeleton (D:10)
  2 worker ant zombies
  8 gnolls
  10 adders
  2 shadow imps
  3 oozes
  An adder skeleton (D:6)
  3 worms (D:2)
  4 dart slugs
  7 leopard geckos
  36 orcs
  9 bats
  2 giant cockroaches
  4 goblins (D:1)
  9 hobgoblins
  6 jackals
  9 kobolds
  9 quokkas
  2 ball pythons
  3 frilled lizards
  2 quokka zombies
  8 rats
  3 plants (D:8)
305 creatures vanquished.

Vanquished Creatures (others)
  Fannar (D:12)
  A plant (D:8)
2 creatures vanquished.

Grand Total: 307 creatures vanquished

Notes
Turn   | Place    | Note
-------+----------+-------------------------------------------
     0 | D:1      | qdestroyer the Minotaur Fighter began the quest for the
                  | Orb.
     0 | D:1      | Reached XP level 1. HP: 19/19 MP: 0/0
    39 | D:1      | Reached XP level 2. HP: 27/27 MP: 1/1
   516 | D:1      | Reached XP level 3. HP: 33/33 MP: 2/2
   806 | D:2      | Reached skill level 3 in Axes
   847 | D:2      | Found a glowing golden altar of the Shining One.
   868 | D:2      | Noticed Jessica
   884 | D:2      | Killed Jessica
   884 | D:2      | Reached XP level 4. HP: 38/40 MP: 3/3
  1340 | D:3      | Found an iron altar of Okawaru.
  1345 | D:3      | Reached skill level 4 in Axes
  1430 | D:3      | Reached XP level 5. HP: 45/47 MP: 4/4
  2092 | D:4      | Noticed an ogre
  2118 | D:4      | Killed an ogre
  2118 | D:4      | Reached skill level 5 in Axes
  2360 | D:4      | Reached skill level 5 in Shields
  2360 | D:4      | Reached XP level 6. HP: 37/53 MP: 5/5
  2365 | D:4      | Reached skill level 5 in Armour
  3116 | D:5      | Entered Level 5 of the Dungeon
  3155 | D:5      | Reached skill level 6 in Axes
  3155 | D:5      | Reached XP level 7. HP: 57/60 MP: 6/6
  3157 | D:5      | Reached skill level 5 in Fighting
  3317 | D:5      | Reached skill level 7 in Axes
  3317 | D:5      | Reached skill level 1 in Dodging
  3321 | D:5      | Found an ancient bone altar of Kikubaaqudgha.
  3321 | D:5      | Found an iron altar of Okawaru.
  3322 | D:5      | Found a glowing silver altar of Zin.
  3485 | D:5      | Noticed Ijyb
  3490 | D:5      | Killed Ijyb
  3933 | D:6      | Reached XP level 8. HP: 69/69 MP: 7/7
  4185 | D:6      | Found a hide-covered altar of Uskayaw.
  4188 | D:6      | Reached skill level 8 in Axes
  4230 | D:6      | Found a stormy altar of Qazlal.
  4403 | D:6      | Noticed Menkaure
  4976 | D:6      | Reached skill level 9 in Axes
  5168 | D:7      | Found a staircase to the Ecumenical Temple.
  5179 | D:7      | Noticed Harold
  5198 | D:7      | Reached XP level 9. HP: 46/78 MP: 8/8
  5199 | D:7      | Noticed Pikel
  5222 | D:7      | Reached skill level 10 in Axes
  5342 | D:6      | Killed Menkaure
  5516 | D:6      | Killed Pikel
  5726 | D:7      | Killed Harold
  5726 | D:7      | Reached skill level 11 in Axes
  6017 | Temple   | Entered the Ecumenical Temple
  6060 | Temple   | Became a worshipper of Gozag Ym Sagoz the Greedy
  6146 | D:7      | Found Jifethuk's Food Shop.
  6248 | D:7      | Noticed Joseph
  6269 | D:7      | Killed Joseph
  6269 | D:7      | Reached XP level 10. HP: 28/88 MP: 9/9
  6640 | D:8      | Reached skill level 1 in Stealth
  6993 | D:8      | Found Iriwic's Antique Armour Emporium.
  7014 | D:8      | Bought a cloak for 121 gold pieces
  7128 | D:8      | Found a staircase to the Lair.
  7152 | D:8      | Reached skill level 12 in Axes
  7557 | D:9      | Found Ereax's Book Shoppe.
  7614 | D:9      | Noticed a two-headed ogre
  7754 | D:9      | Killed a two-headed ogre
  8291 | D:9      | Found an iron altar of Okawaru.
  8369 | D:9      | Reached skill level 13 in Axes
  8827 | D:10     | Entered Level 10 of the Dungeon
  8840 | D:10     | Found Nahiw's Food Boutique.
  9044 | D:10     | Found Tathrete's Jewellery Emporium.
  9053 | D:10     | Got a fine ivory ring
  9214 | D:10     | Found Ekiemm's Assorted Antiques.
  9224 | D:10     | Reached XP level 11. HP: 95/95 MP: 10/10
  9226 | D:10     | Noticed a two-headed ogre
  9229 | D:10     | Noticed a two-headed ogre
  9238 | D:10     | Killed a two-headed ogre
  9244 | D:10     | Killed a two-headed ogre
  9264 | D:10     | Bought a large shield for 121 gold pieces
  9275 | D:10     | Bought a scroll of identify for 54 gold pieces
  9293 | D:10     | Found Jiustrois's Food Emporium.
  9410 | D:10     | Found Puh Led's Assorted Antiques.
  9472 | D:10     | Found a staircase to the Orcish Mines.
  9490 | D:10     | Reached skill level 10 in Armour
  9492 | D:10     | Reached skill level 10 in Shields
  9503 | D:10     | Reached skill level 14 in Axes
 10843 | D:12     | Identified the ring "Vuvete" {Fire rElec rPois} (You found
                  | it on level 10 of the Dungeon)
 11050 | D:12     | Noticed a two-headed ogre
 11059 | D:12     | Killed a two-headed ogre
 11059 | D:12     | Reached skill level 10 in Fighting
 11251 | D:12     | Noticed Fannar
 11280 | D:12     | Killed Fannar
 11280 | D:12     | Reached XP level 12. HP: 41/106 MP: 11/11
 11685 | D:13     | Noticed Jorgrun
 12136 | D:13     | Killed from afar by Jorgrun

Levels and vault maps discovered:
D:1:      minmay_arrival_loop, layout_basic, minmay_ruptured
D:2:      cheibrodos_old_hovel, layout_basic, chequers_avenue,
          minmay_liquid_box, chequers_serial_rivers_small_b, tso_metal_star,
          uniq_jessica
D:3:      layout_basic, chequers_serial_rivers_micro_a, okawaru_trees_2
D:4:      layout_layer_cave, first_ration
D:5:      layout_basic, gammafunk_temple_overflow_claw, uniq_ijyb
D:6:      layout_basic, grunt_qazlal_clouds, basic_altar, uniq_menkaure
D:7:      layout_basic, minmay_temple_entry_offerings, serial_shops, shop,
          uniq_harold, uniq_pikel, uniq_joseph
D:8:      layout_basic, david_lair_shrubbed, serial_shops, shop, grunt_ogre_cave
D:9:      layout_long_grid, serial_shops, shop_fountains,
          small_chamber_with_monster, lemuel_statue_altar
D:10:     layout_rooms, kennysheep_orc_monster_closet_entryway, serial_shops,
          shop, shop, shop, shop, shop
D:11:     layout_cave_pods, serial_rivers, chequers_serial_rivers_micro_b,
          chequers_serial_rivers_small_3, chequers_serial_rivers_micro_d,
          chequers_serial_rivers_micro_e, chequers_serial_rivers_micro_e,
          minmay_diced_spiral
D:12:     layout_loops_ring, kennysheep_nondescript, uniq_fannar
D:13:     layout_long_grid, hangedman_vaults_entry_quadrant_bands, serial_shops,
          nicolae_shop_competitors_out_of_business, uniq_jorgrun
Temple:   dpeg_five_rooms_temple

Skill      XL: |  1  2  3  4  5  6  7  8  9 10 11 |
---------------+----------------------------------+-----
Shields        | 4 5 6 7 8 9 11 | 11.5
Armour         | 4 5 6 8 9 10 | 10.8
Fighting       | 4 5 6 7 8 10 | 10.2
Axes           | 3 4 5 6 7 9 11 13 14 | 14.6
Dodging        | 1 2 |  2.5
Stealth        | 1 2 |  2.0

Action                   |  1- 3 |  4- 6 |  7- 9 | 10-12 || total
-------------------------+-------+-------+-------+-------++-------
Melee: War axe           |    64 |   152 |   251 |   204 ||   671
       Headbutt          |     7 |    23 |    56 |   133 ||   219
       Hand axe          |       |       |       |   377 ||   377
Invok: Potion Petition   |       |       |       |     1 ||     1
  Use: Scroll            |       |    11 |     4 |    13 ||    28
       Potion            |       |     3 |       |     1 ||     4
 Stab: Distracted        |       |       |     2 |     3 ||     5
  Eat: Chunk             |       |     3 |     2 |       ||     5
       Ration            |       |     1 |     3 |     5 ||     9
Armor: Scale mail        |    31 |    26 |       |       ||    57
       Plate armour      |       |    89 |   138 |   169 ||   396
Dodge: Dodged            |    17 |    32 |    45 |    73 ||   167
Block: Shield            |    28 |   111 |   117 |   118 ||   374
       Large shield      |       |       |       |   133 ||   133

Table legend:
 A = Non-vault XP
 B = Vault XP
 C = Vault XP percentage of total XP
 D = Non-vault monster count
 E = Vault monster count
 F = Vault count percentage of total count
                 A         B        C        D         E       F
            +---------+---------+-------+---------+---------+-------
      Total |   17279 |    6278 |  26.7 |     263 |      37 |  12.3
            +---------+---------+-------+---------+---------+-------
        D:1 |      37 |       6 |  14.0 |      17 |       2 |  10.5
        D:2 |      77 |      38 |  33.0 |      18 |       2 |  10.0
        D:3 |      80 |       0 |   0.0 |      24 |       0 |   0.0
        D:4 |     306 |       0 |   0.0 |      15 |       0 |   0.0
        D:5 |     783 |      39 |   4.7 |      23 |       1 |   4.2
        D:6 |     842 |     776 |  48.0 |      20 |       2 |   9.1
        D:7 |    1304 |    1499 |  53.5 |      24 |       2 |   7.7
        D:8 |     569 |     482 |  45.9 |      20 |       2 |   9.1
        D:9 |    2468 |     259 |   9.5 |      37 |       1 |   2.6
       D:10 |    3838 |    1761 |  31.5 |      22 |      20 |  47.6
       D:11 |    2926 |     463 |  13.7 |      16 |       4 |  20.0
       D:12 |    3351 |     955 |  22.2 |      23 |       1 |   4.2
       D:13 |     698 |       0 |   0.0 |       4 |       0 |   0.0
            +---------+---------+-------+---------+---------+-------
